 Dungeon Crawl Stone Soup version 0.22-a0-458-gb446440 (webtiles) character file.

47 robertstho the Skirmisher (level 3, -2/43 HPs)
             Began as a Demonspawn Berserker on June 8, 2018.
             Was a Follower of Trog.
             Slain by a worm (8 damage)
             ... on level 2 of the Dungeon.
             The game lasted 00:02:53 (1171 turns).

robertstho the Skirmisher (Demonspawn Berserker)    Turns: 1171, Time: 00:02:53

Health: -2/43      AC:  3    Str: 22    XL:     3   Next: 48%
Magic:  0/3        EV: 12    Int:  8    God:    Trog [*.....]
Gold:   49         SH:  0    Dex: 13    Spells: 2/2 levels left

rFire    + . .     SeeInvis .   l - +2 short sword (venom)
rCold    . . .     Gourm    .   (no shield)
rNeg     . . .     Faith    .   k - +0 leather armour {rF+}
rPois    .         Spirit   +   (no helmet)
rElec    .         Reflect  .   (no cloak)
rCorr    .         Harm     .   (no gloves)
MR       .....                  (no boots)
Stlth    ..........             (no amulet)
HPRegen  0.14/turn              (no ring)
MPRegen  0.08/turn              (no ring)

@: berserking, very quick
A: magic shield
a: Berserk, Renounce Religion


You were on level 2 of the Dungeon.
You worshipped Trog.
Trog was aware of your devotion.
You were not hungry.

You visited 1 branch of the dungeon, and saw 2 of its levels.

You collected 49 gold pieces.

Inventory:

Hand Weapons
 a - a +0 hand axe
 g - a +0 whip of electrocution
 l - a +2 short sword of venom (weapon)
Missiles
 j - 7 javelins (quivered)
Armour
 b - a +0 animal skin
 k - a +0 leather armour of fire resistance (worn)
Scrolls
 e - 2 scrolls of immolation {unknown}
Potions
 f - a potion of invisibility
Comestibles
 c - 2 rations


   Skills:
 * Level 3.5 Fighting
 + Level 0.4 Short Blades
 * Level 3.2 Axes
 * Level 2.1 Armour
 + Level 1.9 Dodging


You had 2 spell levels left.
You didn't know any spells.
Your spell library was empty.

Dungeon Overview and Level Annotations

Branches:
Dungeon (2/15)

Altars:


Innate Abilities, Weirdness & Mutations

When hurt, damage is shared between your health and your magic reserves.


Message History

The giant cockroach bites you but does no damage.
The worm bites you!
The giant cockroach bites you but does no damage.
You puncture the giant cockroach!
You kill the giant cockroach!
Trog accepts your kill.
You hit the worm but do no damage.
The worm is poisoned.
The worm bites you!
You are too injured to fight recklessly!
You are too injured to fight recklessly!
You are too injured to fight recklessly!
You hit the worm.
The worm is moderately wounded.
The worm bites you!
* * * LOW HITPOINT WARNING * * *
You barely miss the worm.
The worm is moderately wounded.
A red film seems to cover your vision as you go berserk!
You feel yourself moving faster!
You feel mighty!
You feel quite a bit more hungry. The worm bites you!
You die...

#.#.#####.#
#........<##.
##...#######.####
##.....## .....#
##.......# # #....#
#.........##.#....###
'.........+.........
#.........##.#.w..#
##...(...###....@.#
##.....## ######.#
##...## #.# ####+##
#.# ##.##.# #.#
#...#.# #.# ......##
#.# .......#### #<#
..........# #.#


You could see a worm.

Vanquished Creatures
  3 oozes (D:1)
  2 dart slugs (D:1)
  2 bats (D:1)
  2 giant cockroaches (D:2)
  5 hobgoblins (D:1)
  A frilled lizard (D:1)
  7 goblins (D:1)
  4 kobolds (D:1)
  A rat (D:1)
27 creatures vanquished.

Notes
Turn   | Place    | Note
-------+----------+-------------------------------------------
     0 | D:1      | robertstho the Demonspawn Berserker began the quest for the Orb.
     0 | D:1      | Reached XP level 1. HP: 18/18 MP: 1/1
   220 | D:1      | Gained mutation: When hurt, damage is shared between your health and your magic reserves. [demonic ancestry]
   220 | D:1      | Reached XP level 2. HP: 24/24 MP: 2/2
   611 | D:1      | Reached XP level 3. HP: 19/29 MP: 1/3
  1171 | D:2      | Slain by a worm

Vault maps used:
D:1:      erik_arrival_gehennom
D:2:      old_standard_altar, lemuel_crystal_altar, first_ration,
          chequers_ecumenical_altar_island, trog_hazing_becter,
          uniq_crazy_yiuf_cottage

Skill      XL: |  1  2 |
---------------+-------+-----
Axes           | 3 |  3.2
Armour         | 2 |  2.1
Fighting       | |  3.5
Short Blades   | |  0.4
Dodging        | |  1.9

Action                   || total
-------------------------++-------
Melee: Hand axe          ||    69
       Short sword       ||    20
Invok: Berserk           ||     3
  Use: Scroll            ||     1
       Potion            ||     1
 Stab: Sleeping          ||     1
  Eat: Chunk             ||     3
Armor: Animal skin       ||     4
       Leather armour    ||    20
Dodge: Dodged            ||    65

Table legend:
 A = Spawn XP
 B = Non-spawn XP
 C = Spawn XP percentage of total XP
 D = Spawn monster count
 E = Non-spawn monster count
 F = Spawn count percentage of total count
 G = Total turns spent on level
                    A         B        C        D         E        F      G
               +---------+---------+-------+---------+---------+-------+---------
         Total |       0 |      68 |   0.0 |       0 |      27 |   0.0 |  1171
               +---------+---------+-------+---------+---------+-------+---------
           D:1 |       0 |      64 |   0.0 |       0 |      25 |   0.0 |  1088
           D:2 |       0 |       4 |   0.0 |       0 |       2 |   0.0 |    83
               +---------+---------+-------+---------+---------+-------+---------
